 Dungeon Crawl Stone Soup version 0.22.1-1-ga44c0e5 (webtiles) character file.

1745 miragecloak the Insei (level 8, -4/80 HPs)
             Began as a Purple Draconian Transmuter on Oct 23, 2018.
             Was an Initiate of Ashenzari.
             Slain by a gnoll
             ... wielding a +0 flail
              (13 damage)
             ... on level 6 of the Dungeon on Oct 24, 2018.
             The game lasted 00:10:36 (6418 turns).

miragecloak the Insei (Purple Draconian Transmuter) Turns: 6418, Time: 00:10:37

Health: -4/80      AC:  5    Str: 13    XL:     8   Next: 77%
Magic:  10/11      EV: 10    Int: 13    God:    Ashenzari [......]
Gold:   397        SH:  0    Dex: 14    Spells: 3/11 levels left

rFire    x . .     SeeInvis +     - Unarmed
rCold    + + +     Gourm    .   (shield currently unavailable)
rNeg     . . .     Faith    .   (armour unavailable)
rPois    +         Spirit   .   (helmet currently unavailable)
rElec    .         Reflect  .   (cloak currently unavailable)
rCorr    .         Harm     .   (gloves currently unavailable)
MR       +....                  (boots currently unavailable)
Stlth    +.........             (no amulet)
HPRegen  0.23/turn              q - ring of wizardry (curse)
MPRegen  0.12/turn              e - ring of see invisible

@: about to teleport, ice-form (expiring), drained
A: large, (breathe power), unfitting armour, AC +6
a: End Transformation, Curse Item, Renounce Religion


You were on level 6 of the Dungeon.
You worshipped Ashenzari.
Ashenzari was noncommittal.
You were not hungry.
You were a creature of crystalline ice.
You visited 2 branches of the dungeon, and saw 7 of its levels.

You collected 397 gold pieces.

Inventory:

Hand Weapons
 w - the +11 hand crossbow "Xejaudgh" {flame, +Inv rN+ Str-5}
   (You found it on level 6 of the Dungeon)

   It causes projectiles fired from it to burn those they strike, causing extra
   injury to most foes and up to half again as much damage against particularly
   susceptible opponents.
   It affects your strength (-5).
   It protects you from negative energy.
   It lets you turn invisible.
Missiles
 a - 99 arrows
Armour
 A - a +1 cloak (melded)
Jewellery
 e - a ring of see invisible (right front paw)
 i - an uncursed ring of protection from magic
 q - a cursed ring of wizardry (left front paw)
Wands
 m - a wand of polymorph (10)
 x - a wand of disintegration (19)
Scrolls
 b - 2 scrolls of fog {unknown}
 d - 9 scrolls of identify {unknown}
 g - 5 scrolls of enchant armour
 j - 4 scrolls of teleportation
 k - 2 scrolls of amnesia {unknown}
 l - 4 scrolls of remove curse
 o - a scroll of magic mapping {unknown}
 r - 2 scrolls of random uselessness {unknown}
 s - 2 scrolls of noise {unknown}
 v - a scroll of immolation {unknown}
 y - a scroll of fear {unknown}
Potions
 f - a potion of curing
 h - 2 potions of agility {unknown}
 n - 3 potions of haste {unknown}
 p - a potion of cancellation {unknown}
 t - 2 potions of berserk rage {unknown}
 u - a potion of might {unknown}
Comestibles
 c - 8 rations
 z - 5 chunks of flesh


   Skills:
 + Level 4.5(4.1) Fighting
 - Level 2.0(1.6) Dodging
 + Level 7.8(7.4) Unarmed Combat
 - Level 2.4(2.0) Spellcasting
 - Level 6.0(5.5) Transmutations
 - Level 3.2(2.8) Ice Magic
 - Level 3.2(2.8) Poison Magic


You had 3 spell levels left.
You knew the following spells:

 Your Spells              Type           Power        Failure   Level  Hunger
a - Beastly Appendage     Tmut           ###...       1%          1    ##.....
b - Spider Form           Tmut/Pois      ##........   6%          3    ####...
c - Ice Form              Ice/Tmut       ##......     17%         4    #####..

Your spell library contained the following spells:

 Spells                   Type           Power        Failure   Level  Hunger
 Sticks to Snakes         Tmut           ###.....     1%          2    ###....
 Blade Hands              Tmut           ###.......   26%         5    ######.


Dungeon Overview and Level Annotations

Branches:
Dungeon (6/15)             Temple (1/1) D:4

Altars:
Ashenzari
Cheibriados
Dithmenos
Elyvilon
Fedhas
Gozag
Hepliaklqana
Kikubaaqudgha
Makhleb
Nemelex Xobeh
Okawaru
Qazlal
Ru
Sif Muna
Trog
Uskayaw
Vehumet
Wu Jian
Xom
Yredelemnul
Zin
The Shining One

Shops:
D:4 =

Annotations:
D:5 3 runed doors, SaintRoka's ghost, amateur FeEn


Innate Abilities, Weirdness & Mutations

((You can breathe bolts of dispelling energy.))
((Your rich purple scales are hard. (AC +6)))
You cannot fit into any form of body armour.
((You are cold-blooded and may be slowed by cold attacks.))


Message History

The gnoll barely misses you.
Okay, then.
As you read the scroll labeled QIUWNA ABUESOL, it crumbles to dust.
It is a scroll of enchant armour.
Your +0 cloak glows green for a moment.
The gnoll barely misses you. x2
Your transformation is almost over.
The gnoll hits you from afar with a halberd!
* * * LOW HITPOINT WARNING * * *
Okay, then.
It was a potion of curing.
You feel better. The gnoll barely misses you.
The gnoll hits you from afar with a halberd.
* * * LOW HITPOINT WARNING * * *
The gnoll barely misses you.
You feel better. The gnoll misses you. The gnoll barely misses you.
As you read the scroll labeled ZISOERPH QEEG, it crumbles to dust.
You feel strangely unstable.
It was a scroll of teleportation.
The gnoll barely misses you. The gnoll hits you with a flail!
* * * LOW HITPOINT WARNING * * *
The gnoll hits you with a flail!
You die...

###########)#####################
.................................
≈≈≈≈≈≈≈≈≈....≈≈≈≈≈≈≈≈≈≈≈≈≈≈≈≈≈≈≈.
≈≈≈≈≈)≈≈≈....≈≈≈≈≈≈≈≈≈≈≈≈≈≈≈≈≈≈≈.
≈≈≈≈≈≈≈≈≈....≈≈≈≈≈≈≈≈≈≈≈≈#####≈≈.
......)..................#...#≈≈.
#########''''#############...#≈≈P
......#....#...........#'###≈≈.
......'....'..Yggg.g...'.#.≈≈≈.
......#....#...gg......#g#.≈≈≈.
########################)#.≈≈≈.
#.....g#.≈≈≈. #......#.≈≈≈.
##g###.#.≈≈≈. #.gg #.#.≈≈≈. #..
#.#.≈≈≈. .'. #'###≈≈.


You could see 6 gnolls.

Vanquished Creatures
  Edmund (D:6)
  A sky beast (D:5)
  3 ogres
  A phantom (D:4)
  A centaur (D:2)
  2 scorpions
  3 wights (D:6)
  A howler monkey (D:4)
  2 crimson imps (D:6)
  A jelly (D:3)
  A hound (D:6)
  2 gnoll shamans (D:6)
  4 orc priests
  An iguana (D:5)
  4 orc wizards
  4 worker ants
  A hound skeleton (D:6)
  A howler monkey skeleton (D:5)
  12 gnolls (D:6)
  6 adders
  10 oozes
  An adder skeleton (D:5)
  2 worms
  3 dart slugs
  11 orcs
  3 ball pythons
  A giant cockroach (D:1)
  7 goblins
  8 hobgoblins
  17 jackals
  3 quokkas
  5 bats
  3 frilled lizards
  11 kobolds
  7 rats
144 creatures vanquished.

Vanquished Creatures (others)
  A fungus (D:3)
  9 toadstools (D:3)
10 creatures vanquished.

Grand Total: 154 creatures vanquished

Notes
Turn   | Place    | Note
-------+----------+-------------------------------------------
     0 | D:1      | miragecloak the Draconian Transmuter began the quest for
                  | the Orb.
     0 | D:1      | Reached XP level 1. HP: 16/16 MP: 3/3
   227 | D:1      | Reached XP level 2. HP: 23/23 MP: 5/5
   872 | D:1      | Reached XP level 3. HP: 24/28 MP: 6/6
  1057 | D:2      | Learned a level 3 spell: Spider Form
  1132 | D:2      | Found a sacrificial altar of Ru.
  1349 | D:2      | Reached skill level 1 in Poison Magic
  1793 | D:2      | Reached XP level 4. HP: 35/35 MP: 3/7
  1953 | D:2      | Noticed a centaur
  1963 | D:2      | Killed a centaur
  1963 | D:2      | Reached XP level 5. HP: 40/40 MP: 4/8
  2168 | D:3      | Found a faded altar of an unknown god.
  2822 | D:3      | Reached skill level 4 in Unarmed Combat
  2954 | D:3      | Reached XP level 6. HP: 43/47 MP: 6/9
  3066 | D:3      | Found a glowing golden altar of the Shining One.
  3484 | D:3      | Reached skill level 5 in Unarmed Combat
  3758 | D:4      | Reached skill level 6 in Unarmed Combat
  3758 | D:4      | Your scales start taking on a rich purple colour.
  3758 | D:4      | Reached XP level 7. HP: 43/52 MP: 5/10
  3814 | D:4      | Learned a level 4 spell: Ice Form
  3890 | D:4      | Found Xulokek's Jewellery Shoppe.
  4007 | D:4      | Found a staircase to the Ecumenical Temple.
  4021 | Temple   | Entered the Ecumenical Temple
  4026 | Temple   | Became a worshipper of Ashenzari the Shackled
  4065 | D:4      | Found a blossoming altar of Fedhas.
  4065 | D:4      | Found a bloodstained altar of Trog.
  4073 | D:4      | Found an ancient bone altar of Kikubaaqudgha.
  4075 | D:4      | Found a faded altar of an unknown god.
  4076 | D:4      | Found a faded altar of an unknown god.
  4166 | D:4      | Reached skill level 1 in Ice Magic
  4229 | D:5      | Entered Level 5 of the Dungeon
  4349 | D:5      | Found an ornate altar of the Wu Jian Council.
  4350 | D:5      | Found a deep blue altar of Sif Muna.
  4660 | D:5      | Found a burning altar of Makhleb.
  4782 | D:5      | Reached skill level 5 in Transmutations
  4892 | D:5      | Found a runed gate.
  4892 | D:5      | Found a runed gate.
  4892 | D:5      | Found a runed gate.
  4893 | D:5      | Noticed SaintRoka's ghost (amateur FeEn)
  4927 | D:5      | Reached XP level 8. HP: 57/59 MP: 8/11
  5105 | D:6      | Found a stormy altar of Qazlal.
  5438 | D:6      | Noticed Edmund
  5446 | D:6      | Killed Edmund
  5516 | D:6      | Got the hand crossbow "Xejaudgh" {flame, +Inv rN+ Str-5}
  5578 | D:6      | Reached skill level 7 in Unarmed Combat
  6418 | D:6      | Slain by a gnoll

Skill      XL: |  1  2  3  4  5  6  7  8 |
---------------+-------------------------+-----
Transmutations | 3 4 5 6 |  6.0
Poison Magic   | 1 3 |  3.2
Unarmed Combat | 4 6 7 |  7.8
Ice Magic      | 3 |  3.2
Dodging        | 2 |  2.0
Fighting       | 4 |  4.5
Spellcasting   | |  2.4

Action                   |  1- 3 |  4- 6 |  7- 9 || total
-------------------------+-------+-------+-------++-------
Melee: Unarmed           |   128 |   116 |   156 ||   400
       Kick              |     7 |       |       ||     7
       Tailslap          |    11 |     1 |     2 ||    14
       Headbutt          |     6 |       |       ||     6
       Punch             |     1 |       |       ||     1
 Cast: Beastly Appendage |    22 |       |     1 ||    23
       Spider Form       |     2 |    29 |    11 ||    42
       Ice Form          |       |       |    12 ||    12
Invok: Curse Item        |       |       |     1 ||     1
 Abil: Breathe Dispellin |       |       |     3 ||     3
  Use: Scroll            |       |       |     2 ||     2
       Potion            |       |       |     2 ||     2
 Stab: Sleeping          |     1 |     1 |     1 ||     3
  Eat: Chunk             |     4 |     7 |    10 ||    21
       Ration            |       |     1 |     1 ||     2
Armor: Skin              |    42 |     9 |    23 ||    74
Dodge: Dodged            |    96 |    97 |   103 ||   296
